 Dungeon Crawl Stone Soup version 0.27-a0-1595-g0b823d0a13 (webtiles) character file.

Game seed: 17931673146984935729

10 ezpacito the Skirmisher (level 2, 18/24 HPs)
             Began as a Demonspawn Abyssal Knight on July 20, 2021.
             Was a Follower of Lugonu.
             Quit the game on level 1 of the Dungeon.
             The game lasted 00:01:59 (428 turns).

ezpacito the Skirmisher (Demonspawn Abyssal Knight)  Turns: 428, Time: 00:01:59

Health: 18/24      AC:  3    Str: 12    XL:     2   Next: 10%
Magic:  4/4        EV: 11    Int: 13    God:    Lugonu [*.....]
Gold:   42         SH:  0    Dex: 12    Spells: 1/1 levels left

rFire    . . .     SeeInvis .   a - +1 hand axe
rCold    . . .     Faith    .   (no shield)
rNeg     . . .     Spirit   .   b - +0 leather armour
rPois    .         Reflect  .   (no helmet)
rElec    .         Harm     .   (no cloak)
rCorr    .         Rampage  .   (no gloves)
Will     .....                  (no boots)
Stlth    +.........             (no amulet)
HPRegen  0.08/turn              (no ring)
MPRegen  0.09/turn              (no ring)

@: no status effects
A: talons 1
a: Renounce Religion, Depart the Abyss


You were on level 1 of the Dungeon.
You worshipped Lugonu.
Lugonu was aware of your devotion.
You visited 1 branch of the dungeon, and saw 1 of its levels.
You visited the Abyss 1 time.

You collected 42 gold pieces.

Inventory:

Hand Weapons
 a - a +1 hand axe (weapon)
Missiles
 d - 4 stones
Armour
 b - a +0 leather armour (worn)
Potions
 c - a potion of curing {unknown}


   Skills:
 + Level 3.1 Fighting
 * Level 2.0 Axes
 + Level 1.9 Armour
 + Level 1.0 Dodging
 + Level 0.2 Spellcasting
 + Level 2.7 Invocations


You had one spell level left.
You didn't know any spells.
Your spell library was empty.

Dungeon Overview and Level Annotations

Branches:
Dungeon (1/15)

Altars:


Innate Abilities, Weirdness & Mutations

You have sharp toenails.


Message History

A rat comes into view.
You see here a puce potion.
A ball python comes into view.
The ball python hisses angrily.
The kobold hits you but does no damage.
You hit the kobold.
The kobold is severely wounded.
The kobold barely misses you.
A goblin comes into view. It is wielding a +0 dagger.
You closely miss the kobold.
The kobold is severely wounded.
The goblin shouts!
You hit the rat.
You kill the rat!
Lugonu accepts your kill. The kobold hits you but does no damage.
The kobold hits you with a +0 dagger. The kobold hits you with a +0 dagger.
The kobold hits you but does no damage.
Found a stone staircase leading down.
You hit the rat.
You kill the rat!
Lugonu accepts your kill.
You can now depart the Abyss.
You hit the ball python.
You kill the ball python!
Lugonu accepts your kill.
You have reached level 2!
Your demonic ancestry asserts itself...
Your toenails lengthen and sharpen.
You barely miss the kobold. Your kick misses the kobold.
The kobold closely misses you.
You hit the kobold.
You kill the kobold!
Lugonu accepts your kill.
You hit the goblin.
You kill the goblin!
Lugonu accepts your kill.
Your Axes skill increases to level 2!
Things that are here:
a +0 dagger; a +0 dagger; a rat corpse Are you sure you want to abandon this character and quit the game? (Confirm with "yes".)

##.. .... . #...
..#.>.##########
...............#
#...#........# >
#...†.$....).#
....######...!.....#
........)...@#.....#
...######..........#
................#
#...............#
#.........[.....#
#...............#
#.......##......#
#.......##......#
.#.......##.....###


There were no monsters in sight!

Vanquished Creatures
  2 endoplasms (D:1)
  2 goblins (D:1)
  A hobgoblin (D:1)
  A ball python (D:1)
  2 kobolds (D:1)
  2 rats (D:1)
10 creatures vanquished.

Notes
Turn   | Place    | Note
-------+----------+-------------------------------------------
     0 | Abyss:1  | ezpacito the Demonspawn Abyssal Knight began the quest for
                  | the Orb.
     0 | Abyss:1  | Reached XP level 1. HP: 18/18 MP: 2/2
   138 | Abyss:1  | Found a corrupted altar of Lugonu.
   166 | Abyss:1  | Noticed a quicksilver dragon skeleton
   169 | D:1      | Escaped the Abyss
   226 | D:1      | Reached skill level 1 in Dodging
   418 | D:1      | Reached * piety under Lugonu
   420 | D:1      | Gained mutation: You have sharp toenails. [demonic
                  | ancestry]
   420 | D:1      | Reached XP level 2. HP: 17/24 MP: 4/4
   428 | D:1      | Quit the game

Illustrated notes

Levels and vault maps discovered:
D:1:      nagdon_arrival_zigzag_paths, layout_basic

Skill      XL: |  1  2 |
---------------+-------+-----
Dodging        | 1 |  1.0
Axes           | 2 |  2.0
Fighting       | |  3.1
Armour         | |  1.9
Spellcasting   | |  0.2
Invocations    | |  2.7

Action                   || total
-------------------------++-------
Melee: Hand axe          ||    20
Invok: Depart the Abyss  ||     1
Armor: Leather armour    ||     3
Dodge: Dodged            ||     9

Table legend: (Time is in decaauts)
 A = Elapsed time spent in this place.
 B = Non-inter-level travel time spent in this place.
 C = Inter-level travel time spent in this place.
 D = Time resting spent in this place.
 E = Time spent auto-exploring this place.
 F = Levels seen in this place.
 G = Mean time per level.
                   A        B        C        D        E       F      G
               +--------+--------+--------+--------+--------+-----+--------+
         Total |    431 |    431 |      0 |      0 |    313 |   2 |  215.5 |
       Dungeon |    262 |    262 |      0 |      0 |    212 |   1 |  262.0 |
         Abyss |    169 |    169 |      0 |      0 |    101 |   1 |  169.0 |
               +--------+--------+--------+--------+--------+-----+--------+

Top non-repeatable levels by time:
     D:1: 262 daAuts
 Abyss:1: 169 daAuts
